 Dungeon Crawl Stone Soup version 0.18.2-3-g5ac21b8443 (webtiles) character file.

271 Bambalam the Cutter (level 6, -10/39 HPs)
             Began as an Octopode Assassin on June 7, 2022.
             Mangled by an orc warrior
             ... wielding a +0 mace
              (19 damage)
             ... on level 2 of the Dungeon.
             The game lasted 00:18:28 (3107 turns).

Bambalam the Cutter (Octopode Assassin)             Turns: 3107, Time: 00:18:28

Health: -10/39     AC:  1    Str: 10    XL:     6   Next: 23%
Magic:  6/6        EV: 12    Int: 14    God:
Gold:   146        SH:  0    Dex: 15    Spells: 0 memorised, 5 levels left

rFire  . . .     SeeInvis .     q - +0 blowgun
rCold  . . .     Gourm    .     (no shield)
rNeg   . . .     Faith    .     s - +0 hat
rPois  .         Spirit   .     (no amulet)
rElec  .         Dismiss  .     (no ring)
rCorr  .         Reflect  .     (no ring)
SustAt .         Harm     .     (no ring)
MR     .....                    (no ring)
Stlth  ++++......               (no ring)
                                (no ring)
                                (no ring)
                                (no ring)

@: not resistant to hostile enchantments, stealthy
A: almost no armour, amphibious, 8 rings, constrict 8, camouflage 1, gelatinous
body 1
a: no special abilities


You were on level 2 of the Dungeon.
You were hungry.

You visited 1 branch of the dungeon, and saw 4 of its levels.

You collected 146 gold pieces.

Inventory:

Hand Weapons
 e - a cursed -1 short sword
 n - a cursed -1 dagger
 q - a +0 blowgun (weapon)
 w - a +2 dagger
Missiles
 a - 19 bolts
 c - 30 sling bullets
 g - 93 stones (quivered)
 u - 18 arrows
Armour
 s - a +0 hat (worn)
Jewellery
 j - an uncursed ring of wizardry {unknown}
Scrolls
 i - a scroll of fear {unknown}
 k - 3 scrolls of identify {unknown}
 o - a scroll of immolation {unknown}
 t - 2 scrolls of recharging {unknown}
 x - 3 scrolls of remove curse {unknown}
Potions
 h - 2 potions of heal wounds {unknown}
 l - a potion of cure mutation {unknown}
 m - 3 potions of curing {unknown}
 v - 2 potions of degeneration {unknown}
Comestibles
 f - 2 bread rations
 p - a beef jerky
 r - a meat ration


   Skills:
 - Level 2.0 Fighting
 - Level 6.0 Short Blades
 - Level 2.0 Throwing
 + Level 2.2 Dodging
 - Level 5.3 Stealth


You had 5 spell levels left.
You didn't know any spells.

Dungeon Overview and Level Annotations

Branches:
Dungeon (4/15)
 Temple: D:4-7

Altars:
Dithmenos
Pakellas
Trog


Innate Abilities, Weirdness & Mutations

You cannot wear most types of armour.
You are amphibious.
You can wear up to eight rings at the same time.
You can use your tentacles to constrict eight enemies at once.
Your skin changes colour to match your surroundings (Stealth).
Your rubbery body absorbs attacks (AC +1).


Message History

The poisoned needle barely misses the orc warrior.
Firing (i - inventory. (,) - cycle):
d - 2 poisoned needles (quivered)
Press: ? - help, Shift-Dir - straight line, f/p - orc warrior
Aim: an orc warrior, wielding a mace and wearing a plate armour (moderately wounded)
You shoot a poisoned needle.
The poisoned needle hits the orc warrior.
The orc warrior is poisoned.
The orc warrior is moderately wounded.
The orc warrior hits you with a mace!!
Firing (i - inventory. (,) - cycle):
d - a poisoned needle (quivered)
Press: ? - help, Shift-Dir - straight line, f/p - orc warrior
Aim: an orc warrior, wielding a mace and wearing a plate armour (moderately wounded, poisoned)
You shoot a poisoned needle.
The poisoned needle hits the orc warrior.
The orc warrior looks even sicker.
The orc warrior is moderately wounded.
The orc warrior hits you with a mace!
* * * LOW HITPOINT WARNING * * *
The orc warrior hits you with a mace!!
You die...

#...###
####.#..............
##....#
#.....####.......
##..##.## #######
#....... #..###..#
#....... #.## ##.#####
#....... ####.#
#.....### #.......
#....#
#####...###########.....
######
###........###..####
#@...........##
#.o<.....#####
##>(>...(# #.......#
#.......# #.......#
#########


You could see an orc warrior.

Vanquished Creatures
  Natasha (thrice) (D:3)
  10 adders
  An ooze (D:2)
  An adder skeleton (D:3)
  5 worms
  3 dart slugs
  3 giant geckos
  2 orcs (D:3)
  7 bats
  2 giant cockroaches
  11 goblins
  10 hobgoblins
  8 jackals (D:2)
  A giant gecko skeleton (D:4)
  4 giant newts
  8 kobolds
  2 rats (D:1)
81 creatures vanquished.

Vanquished Creatures (others)
  A rat (D:1)
1 creature vanquished.

Grand Total: 82 creatures vanquished

Notes
Turn   | Place    | Note
--------------------------------------------------------------
     0 | D:1      | Bambalam the Octopode Assassin began the quest for the Orb.
     0 | D:1      | Reached XP level 1. HP: 14/14 MP: 1/1
   239 | D:1      | Reached XP level 2. HP: 11/19 MP: 2/2
   537 | D:1      | Reached skill level 3 in Short Blades
   716 | D:1      | Reached XP level 3. HP: 23/24 MP: 3/3
  1097 | D:2      | Found a bloodstained altar of Trog.
  1220 | D:2      | Reached skill level 4 in Short Blades
  1242 | D:2      | Reached XP level 4. HP: 28/29 MP: 4/4
  1910 | D:2      | Reached skill level 5 in Short Blades
  1910 | D:2      | Reached XP level 5. HP: 30/34 MP: 5/5
  1998 | D:3      | Noticed Natasha
  2002 | D:3      | Killed Natasha
  2018 | D:3      | Noticed Natasha
  2035 | D:3      | Killed Natasha
  2219 | D:3      | Found an oddly glowing altar of Pakellas.
  2240 | D:3      | Noticed Natasha
  2246 | D:3      | Killed Natasha
  2246 | D:3      | Reached skill level 6 in Short Blades
  2270 | D:3      | Reached XP level 6. HP: 39/39 MP: 6/6
  2548 | D:3      | Found a shadowy altar of Dithmenos.
  2769 | D:4      | Noticed an orc warrior
  3107 | D:2      | Mangled by an orc warrior

Skill      XL: |  1  2  3  4  5  6 |
---------------+-------------------+-----
Short Blades   | 3 4 5 6 |  6.0
Dodging        | 2 |  2.2
Fighting       | |  2.0
Throwing       | |  2.0
Stealth        | |  5.3

Action                   |  1- 3 |  4- 6 || total
-------------------------+-------+-------++-------
Melee: Dagger            |    52 |   110 ||   162
       Constrict         |     8 |    23 ||    31
       Tentacles         |     3 |    17 ||    20
 Fire: Blowgun           |    10 |    39 ||    49
Throw: Stone             |       |     1 ||     1
 Stab: Sleeping          |    11 |    14 ||    25
       Distracted        |     1 |       ||     1
  Eat: Chunk             |     1 |     5 ||     6
Armor: Skin              |     2 |     7 ||     9
Dodge: Dodged            |    17 |    49 ||    66
